 Dungeon Crawl Stone Soup version 0.28-a0-1334-g1c9ffb4daf (webtiles) character file.

Game seed: 8943894203485469786

106 Grim the Poker (level 5, 0/61 HPs)
             Began as a Formicid Fighter on Dec 28, 2021.
             Engulfed by a steam dragon's steam (2 damage)
             ... on level 3 of the Dungeon.
             The game lasted 00:03:33 (1915 turns).

Grim the Poker (Formicid Fighter)                   Turns: 1915, Time: 00:03:34

Health: 0/61       AC: 22    Str: 23    XL:     5   Next: 10%
Magic:  5/5        EV:  2    Int:  7    God:
Gold:   66         SH:  4    Dex: 10    Spells: 4/4 levels left

rFire   . . .      SeeInvis .   a - +0 trident
rCold   . . .      Faith    .   c - +0 buckler
rNeg    . . .      Spirit   .   (armour currently unavailable)
rPois   +          Reflect  .   (helmet unavailable)
rElec   .          Harm     .   (cloak currently unavailable)
rCorr   .          Rampage  .   (gloves currently unavailable)
Will    .....                   (boots currently unavailable)
Stlth   +.........              (no amulet)
HPRegen 0.20/turn               (no ring)
MPRegen 0.09/turn               (no ring)

@: mighty, tree-form
A: stationary, stasis, torment immunity, boosted hp, permanent stasis, dig
shafts and tunnels, (antennae 3), four strong arms
a: no special abilities


You were on level 3 of the Dungeon.
You were a tree.
You visited 1 branch of the dungeon, and saw 3 of its levels.

You collected 66 gold pieces.

Inventory:

Hand Weapons
 a - a +0 trident (weapon)
Missiles
 n - 61 stones
Armour
 b - a +0 scale mail
 c - a +0 buckler (worn)
 k - a +0 plate armour (melded)
Scrolls
 e - a scroll of teleportation {unknown}
 g - a scroll of immolation {unknown}
 i - a scroll of fear {unknown}
 o - a scroll of identify {unknown}
 p - a scroll of enchant weapon {unknown}
Potions
 h - a potion of mutation {unknown}
 j - a potion of curing {unknown}
 l - a potion of degeneration {unknown}
 m - a potion of ambrosia {unknown}


   Skills:
 - Level 3.2 Fighting
 + Level 4.9 Polearms
 - Level 3.2 Armour
 - Level 3.6 Shields


You had 4 spell levels left.
You didn't know any spells.
Your spell library contained the following spells:

 Spells                   Type           Power      Damage    Failure   Level
 Ensorcelled Hibernation  Hex/Ice        0%         N/A       56%         2
 Tukima's Dance           Hex            0%         N/A       80%         3
 Enfeeble                 Hex            0%         N/A       100%        7


Dungeon Overview and Level Annotations

Branches:
Dungeon (3/15)

Altars:
Xom


Innate Abilities, Weirdness & Mutations

You are a tree.
Your roots penetrate the ground, keeping you stationary.
You cannot be teleported.
You are immune to unholy pain and torment.
Your maximum health is greatly increased.
Your equipment is partially melded.
You cannot be hasted, slowed, berserked, paralysed or teleported.
You can dig through walls and to a lower floor.
((You have a pair of large antennae on your head. (SInv)))
Your four strong arms can wield two-handed weapons with a shield.


Message History

No target in view!
No target in view!
A steam dragon comes into view.
A steam dragon is nearby!
The steam dragon hisses angrily.
You feel very mighty all of a sudden. The steam dragon breathes steam at you.
The ball of steam hits you!
You barely miss the steam dragon.
The steam dragon bites you but does no damage.
The steam dragon claws you but does no damage.
You puncture the steam dragon!
The steam dragon is moderately wounded.
The steam dragon bites you!
The steam dragon claws you but does no damage.
You hit the steam dragon but do no damage.
The steam dragon is moderately wounded.
You are engulfed in a cloud of scalding steam.
The steam dragon bites you.
The steam dragon claws you but does no damage.
You hit the steam dragon.
The steam dragon is heavily wounded.
The steam dragon breathes steam at you. The ball of steam hits you!!
* * * LOW HITPOINT WARNING * * *
You are too injured to fight recklessly!
The steam dragon bites you but does no damage.
The steam dragon claws you.
* * * LOW HITPOINT WARNING * * *
You are too injured to fight recklessly!
Unknown command.
Okay, then.
It was a potion of lignification.
You turn into a tree.
Your +0 plate armour melds into your body.
Your roots penetrate the ground.
The steam dragon bites you but does no damage.
The steam dragon claws you but does no damage.
It was a potion of magic.
Magic courses through your body.
You are engulfed in a cloud of scalding steam.
You die...

#######.#. #. .
........... ###
#.#. .########.##
<.# ....
...........## #.#
#..##.#########.##
# #.# #..#... #.##
#.######.# ....
#.##
......#.####D#
..##
........#..♣.##.#
#### #.#....§§...#
# #...#.####### #
#.†##†# # #..##.#
# ###..##.# #
#....##.# #
#.##.##.#
#.##.##..


You could see a steam dragon.

Vanquished Creatures
  Terence (D:3)
  A worm (D:3)
  3 dart slugs
  5 endoplasms
  6 giant cockroaches
  4 goblins
  3 hobgoblins
  8 jackals
  4 quokkas
  10 ball pythons
  6 bats
  3 frilled lizards
  5 kobolds
  7 rats
66 creatures vanquished.

Notes
Turn   | Place    | Note
-------+----------+-------------------------------------------
     0 | D:1      | Grim the Formicid Fighter began the quest for the Orb.
     0 | D:1      | Reached XP level 1. HP: 18/18 MP: 1/1
    64 | D:1      | Reached XP level 2. HP: 16/24 MP: 2/2
   285 | D:1      | Reached skill level 3 in Polearms
   354 | D:1      | Reached XP level 3. HP: 29/29 MP: 3/3
   994 | D:2      | Reached skill level 4 in Polearms
   994 | D:2      | Reached XP level 4. HP: 33/35 MP: 4/4
  1088 | D:2      | Found a faded altar of an unknown god.
  1544 | D:3      | Found a shimmering altar of Xom.
  1698 | D:3      | Noticed Terence
  1715 | D:3      | Killed Terence
  1720 | D:3      | Reached XP level 5. HP: 31/41 MP: 5/5
  1905 | D:3      | Noticed a steam dragon
  1913 | D:3      | HP: 1/41 [steam dragon (4)]
  1915 | D:3      | Engulfed by a steam dragon's steam

Illustrated notes

Levels and vault maps discovered:
D:1:      eino_arrival_druids_welcome, layout_loops_ring
D:2:      layout_basic, ebering_ecumenical_altar_sacrificial, st_stairs_1,
          minmay_statues_item
D:3:      layout_loops_ring, mainiacjoe_overflow_cross_hatched, uniq_terence

Skill      XL: |  1  2  3 |
---------------+----------+-----
Polearms       | 3 4 |  4.9
Fighting       | |  3.2
Armour         | |  3.2
Shields        | |  3.6

Action                   |  1- 3 |  4- 6 || total
-------------------------+-------+-------++-------
Melee: Trident           |   112 |    76 ||   188
 Abil: Dig               |     4 |       ||     4
  Use: Potion            |       |     3 ||     3
Armor: Scale mail        |     8 |       ||     8
       Plate armour      |    33 |    39 ||    72
       Skin              |       |     2 ||     2
Dodge: Dodged            |    32 |    14 ||    46
Block: Buckler           |    17 |    10 ||    27

Table legend: (Time is in decaauts)
 A = Elapsed time spent in this place.
 B = Non-inter-level travel time spent in this place.
 C = Inter-level travel time spent in this place.
 D = Time resting spent in this place.
 E = Time spent auto-exploring this place.
 F = Levels seen in this place.
 G = Mean time per level.
                   A        B        C        D        E       F      G
               +--------+--------+--------+--------+--------+-----+--------+
         Total |   1936 |   1906 |     30 |    306 |   1167 |   3 |  645.3 |
       Dungeon |   1936 |   1906 |     30 |    306 |   1167 |   3 |  645.3 |
               +--------+--------+--------+--------+--------+-----+--------+

Top non-repeatable levels by time:
     D:1: 895 daAuts
     D:2: 650 daAuts
     D:3: 391 daAuts
